Map: Kairos Junction LE

Players

TiPtOP - Winner!

  • Race: Terran Terran
  • Spawn Location: 11:00

VOD

Have the link to the VOD?

Description

Time

  • Played on: Aug. 12, 2019, 8:42 a.m.
  • Length: 57:09
Show
View Real Time Build Order
Export as new Build Order

TiPtOP Terran - Winner!

Build Orders:  

Get SALT Encoding   

  12  0:01  SCV  
  13  0:18  SCV  
  14  0:26  Supply Depot  
  14  0:35  SCV  
  15  0:56  SCV  
  15  0:57  Refinery  
  16  1:07  Barracks  
  16  1:13  SCV  
  17  1:40  SCV  
  18  1:57  SCV  
  19  2:19  SCV, Command Center  
  20  2:31  Barracks Reactor  
  20  2:36  SCV  
  21  2:50  Barracks  
  20  3:11  SCV  
  21  3:23  Marine x2  
  23  3:48  Supply Depot  
  23  3:57  Barracks Tech Lab  
  23  3:59  Marine x2  
  25  4:07  SCV  
  26  4:10  Orbital Command  
  26  4:11  Supply Depot  
  26  4:31  Marine x2  
  26  4:32  Marauder  
  30  4:41  SCV  
  30  4:42  Supply Depot  
  30  4:48  SCV  
  32  5:05  SCV  
  32  5:09  Marine x2, Marauder  
  37  5:28  SCV  
  38  5:31  SCV  
  38  5:34  Barracks  
  39  5:45  Marine x2, Marauder  
  43  5:52  Stimpack  
  43  6:02  Factory  
  43  6:05  SCV  
  43  6:09  SCV  
  45  6:12  Marine x2  
  45  6:15  Marauder  
  49  6:28  Refinery  
  49  6:29  SCV  
  50  6:31  SCV  
  51  6:56  Marine x2, Marauder  
  55  7:00  Barracks Reactor, Supply Depot  
  55  7:03  Factory Reactor  
  55  7:07  Starport  
  55  7:25  Marine  
  55  7:26  Marine, Marauder  
  59  7:31  Supply Depot  
  59  7:36  SCV  
  60  7:49  Engineering Bay  
  60  7:52  SCV  
  60  7:53  SCV  
  60  7:54  Marine x2  
  60  7:55  Marine x2  
  60  7:56  Marauder  
  68  8:09  SCV  
  69  8:10  SCV  
  70  8:20  Factory Tech Lab  
  70  8:35  SCV x2  
  72  9:02  Medivac  
  72  9:03  Medivac  
  76  9:21  Unknown  
  76  9:28  SCV  
  76  9:29  Refinery  
  58  9:30  SCV  
  78  9:48  Supply Depot  
  78  9:53  Supply Depot  
  78  10:18  SCV x2, Marine x5  
  85  10:20  Supply Depot  
  85  10:23  Siege Tank, Medivac  
  85  10:25  Supply Depot  
  90  10:34  SCV x2, Terran Infantry Weapons Level 1  
  92  10:50  Supply Depot  
  92  10:54  Supply Depot  
  92  11:00  Medivac  
  92  11:05  Marine x3  
  92  11:06  Marine, Marauder  
  92  11:08  Siege Tank  
  103  11:26  Supply Depot  
  103  11:39  Refinery  
  103  11:48  Marine x3  
  103  11:49  Marauder  
  108  11:51  Concussive Shells  
  108  11:57  Siege Tank  
  111  12:18  Marauder  
  113  12:22  Marine x2  
  113  12:23  Marine  
  116  12:43  Siege Tank  
  116  12:48  Marauder  
  121  12:52  Supply Depot  
  121  13:18  Marauder  
  123  13:29  Supply Depot  
  123  13:48  Marine x3, Marauder  
  128  13:51  Siege Tank  
  128  13:55  Terran Infantry Armor Level 1  
  131  14:00  Supply Depot  
  131  14:02  Marine  
  131  14:03  Siege Tank  
  135  14:13  Marine x2  
  135  14:18  Marauder  
  139  14:30  Missile Turret  
  139  14:33  Sensor Tower  
  139  14:36  Siege Tank  
  142  14:48  Marauder  
  144  15:07  Unknown  
  144  15:18  Marauder  
  146  15:21  Siege Tank  
  149  15:33  Armory  
  149  15:45  Starport  
  149  15:47  Armory  
  149  15:48  Marauder, Starport  
  151  15:53  Starport  
  151  16:01  Marine x3  
  151  16:06  Siege Tank  
  157  16:39  Supply Depot  
  157  16:44  Supply Depot  
  157  16:52  Starport Tech Lab  
  157  17:05  Fusion Core  
  157  17:09  Marauder  
  159  17:10  Supply Depot  
  159  17:13  Terran Ship Weapons Level 1  
  159  17:16  Starport Tech Lab  
  159  17:18  Supply Depot  
  159  17:23  Command Center  
  159  17:39  Marauder  
  161  17:44  Supply Depot  
  161  17:51  Supply Depot  
  161  17:57  Starport Tech Lab  
  161  18:10  Battlecruiser  
  161  18:11  Battlecruiser  
  173  18:30  Siege Tank, Starport Tech Lab  
  173  18:34  Terran Vehicle And Ship Armor Level 1  
  173  18:38  Siege Tank  
  173  18:59  Siege Tank x2  
  173  19:18  Siege Tank  
  173  19:40  Battlecruiser  
  179  20:27  Battlecruiser x3  
  197  20:35  Supply Depot  
  197  20:43  Supply Depot  
  197  21:17  Supply Depot  
  197  21:23  Planetary Fortress  
  197  21:36  Terran Ship Weapons Level 2  
  197  21:49  SCV  
  132  21:50  Hi-Sec Auto Tracking  
  198  22:50  Refinery  
  198  23:05  Refinery  
  198  23:14  Terran Vehicle And Ship Armor Level 2  
  192  24:31  Structure Armor  
  186  24:55  Battlecruiser x2  
  198  25:22  Siege Tank x2  
  198  25:31  Terran Infantry Armor Level 2  
  198  25:36  Siege Tank x3  
  198  25:39  Engineering Bay  
  198  25:50  Sensor Tower  
  193  26:05  Command Center  
  193  26:06  Sensor Tower  
  139  26:31  Siege Tank x5  
  133  27:32  Battlecruiser x2  
  133  27:33  Battlecruiser  
  97  28:59  Terran Ship Weapons Level 3  
  82  30:15  Weapon Refit  
  76  30:57  Battlecruiser x2  
  88  32:16  Refinery  
  88  32:17  Refinery  
  88  33:29  Raven x2  
  92  33:33  Battlecruiser  
  98  34:16  Command Center  
  98  34:17  Refinery  
  98  34:19  Refinery  
  69  36:25  Battlecruiser x2  
  69  36:26  Battlecruiser  
  87  36:59  SCV  
  88  37:04  SCV  
  88  37:05  SCV, Command Center  
  84  37:16  SCV  
  85  37:21  SCV  
  85  37:22  SCV  
  87  37:33  SCV  
  87  37:38  SCV  
  87  37:39  SCV  
  228  37:50  SCV  
  84  37:55  SCV x2  
  87  38:06  SCV  
  88  39:01  Refinery  
  88  39:05  Planetary Fortress  
  88  39:07  SCV x2  
  91  39:15  Planetary Fortress  
  91  39:24  SCV  
  83  40:41  SCV  
  83  40:44  Battlecruiser x4  
  106  40:58  SCV  
  107  41:05  SCV  
  108  41:15  SCV  
  109  41:22  SCV  
  110  41:39  Refinery, SCV  
  111  42:14  Battlecruiser x3  
  129  42:46  Command Center  
  129  44:07  Battlecruiser x4  
  153  48:16  Refinery  
  153  48:17  SCV  
  154  48:34  SCV  
  155  48:51  SCV  
  155  48:54  Refinery  
  156  49:08  SCV  
  157  50:04  Terran Vehicle And Ship Armor Level 3  
  157  51:02  Battlecruiser x4  
  181  52:32  Battlecruiser  
  187  53:44  Planetary Fortress  
Tags
 
Add a new tag
Caveats
  • Supply blocks, unpowered buildings, or Contaminate may cause inaccurate times.
  • Supply counts are checked every 10 seconds.